 Dungeon Crawl Stone Soup version 0.31.0-11-ge490571c62 (webtiles) character file.

Game seed: 6601500116738553036

135 Silvore the Shield-Bearer (level 4, 0/35 HPs)
             Began as a Demonspawn Fighter on Feb 9, 2024.
             Succumbed to Ijyb's poison
             ... on level 5 of the Dungeon.
             The game lasted 00:03:08 (2066 turns).

Silvore the Shield-Bearer (Demonspawn Fighter)      Turns: 2066, Time: 00:03:08

Health: 0/35       AC:  0    Str: 18    XL:     4   Next: 97%
Magic:  4/4        EV: 13    Int:  8    God:
Gold:   85         SH:  0    Dex: 15    Spells: 3/3 levels left

rFire   . . .        a - melded +1 long sword
rCold   . . .        c - melded +0 buckler
rNeg    . . .        i - melded +0 plate armour
rPois   .            (helmet currently unavailable)
rElec   .            (cloak currently unavailable)
rCorr   .            (gloves currently unavailable)
SInv    .            (boots currently unavailable)
Will    .....        (no amulet)
Stlth   ++           (ring currently unavailable)
HPRegen 0.25/turn    (ring currently unavailable)
MPRegen 0.09/turn

%: no passive effects
@: lethally poisoned (0 -> -9), pig-form, very quick
A: fast, no casting, small, thin skeletal structure 1, demonic guardian 2
a: no special abilities


You were on level 5 of the Dungeon.
You were a filthy swine.
You visited 1 branch of the dungeon, and saw 4 of its levels.

You collected 85 gold pieces.

Inventory:

Hand Weapons
 a - a +1 long sword (melded)
Missiles
 g - 3 throwing nets (quivered)
Armour
 b - a +0 scale mail
 c - a +0 buckler (melded)
 i - a +0 plate armour (melded)
Scrolls
 h - 2 scrolls of fog
 l - a scroll of poison {unknown}
 m - a scroll of torment {unknown}
Potions
 d - 2 potions of might
 e - 2 potions of curing
 f - a potion of brilliance {unknown}
 j - a potion of haste
 k - a potion of ambrosia {unknown}
 n - a potion of degeneration {unknown}


   Skills:
 + Level 3.2 Fighting
 + Level 3.0 Long Blades
 + Level 3.3 Armour
 + Level 0.8 Dodging
 + Level 3.6 Shields


You had 3 spell levels left.
You didn't know any spells.
Your spell library contained the following spells:

 Spells                   Type           Power      Damage    Failure   Level
 Magic Dart               Conj           0%         1d3       41%         1
 Searing Ray              Conj           0%         2d4       54%         2
 Fulminant Prism          Conj/Alch      0%         3d5       99%         4


Dungeon Overview and Level Annotations

Branches:
Dungeon (3/15)

Altars:
Ru

Annotations:
D:5 Ijyb


Innate Abilities, Weirdness & Mutations

You are a filthy swine.
You move quickly.
Your equipment is almost entirely melded.
You are incapable of wielding weapons or throwing items.
You cannot cast spells.
You have a somewhat thin skeletal structure. (Dex +2, Stealth+)
A demonic guardian rushes to your aid.


Message History

You feel sick. You block Ijyb's attack.
You hit Ijyb but do no damage.
Ijyb is lightly wounded.
You feel sick.
Ijyb hits you with a +0 dagger of venom.
You are more poisoned.
Ijyb hits you but does no damage.
You are more poisoned.
You slash Ijyb!
Ijyb is heavily wounded.
You feel very sick. Ijyb hits you but does no damage.
You closely miss Ijyb.
Ijyb is heavily wounded.
You feel very sick. You block Ijyb's attack.
You hit Ijyb.
Ijyb is severely wounded.
You feel very sick.
Ijyb zaps a wand.
You turn into a filthy swine.
Your +1 long sword melds into your body.
Your +0 buckler melds into your body.
Your +0 plate armour melds into your body.
Ijyb hits you with a +0 dagger of venom.
* * * LOW HITPOINT WARNING * * *
You are more poisoned.
You hit Ijyb.
Ijyb is severely wounded.
* * * LOW HITPOINT WARNING * * *
You feel very sick. Ijyb closely misses you.
You closely miss Ijyb.
Ijyb is severely wounded.
* * * LOW HITPOINT WARNING * * *
You feel very sick.
A ribbon worm comes into view.
Ijyb barely misses you.
You barely miss Ijyb.
Ijyb is severely wounded.
You die...

### ####...#
#########..#...###
!................w
#?..hg...#
##.####[..#
####..# ..#
##....## ##
#..#### #.## #..#
##.# #.#


You could see Ijyb and a ribbon worm (wandering).

Vanquished Creatures
  4 gnolls
  2 ribbon worms (D:2)
  2 dart slugs
  7 bats
  An endoplasm (D:1)
  A giant cockroach (D:2)
  2 goblins (D:1)
  6 hobgoblins
  7 jackals
  4 kobolds
  A quokka (D:2)
  3 ball pythons (D:2)
  3 frilled lizards
  6 rats
49 creatures vanquished.

Vanquished Creatures (collateral kills)
  Jessica (D:2)
  An adder (D:3)
  A goblin (D:1)
  A jackal (D:1)
4 creatures vanquished.

Grand Total: 53 creatures vanquished

Notes
Turn   | Place    | Note
-------+----------+-------------------------------------------
     0 | D:1      | Silvore the Demonspawn Fighter began the quest for the Orb.
     0 | D:1      | Reached XP level 1. HP: 18/18 MP: 1/1
   165 | D:1      | Gained mutation: A weak demonic guardian rushes to your
                  | aid. [demonic ancestry]
   165 | D:1      | Reached XP level 2. HP: 24/24 MP: 2/2
   946 | D:2      | Gained mutation: You have a somewhat thin skeletal
                  | structure. (Dex +2, Stealth+) [demonic ancestry]
   946 | D:2      | Reached XP level 3. HP: 29/29 MP: 3/3
  1388 | D:2      | Noticed Jessica
  1393 | D:2      | Killed Jessica
  1394 | D:2      | Gained mutation: A demonic guardian rushes to your aid.
                  | [demonic ancestry]
  1394 | D:2      | Reached XP level 4. HP: 29/35 MP: 4/4
  1981 | D:3      | Found a sacrificial altar of Ru.
  2046 | D:3      | You fall into a shaft and drop 2 floors!
  2046 | D:5      | Entered Level 5 of the Dungeon
  2053 | D:5      | Noticed Ijyb
  2065 | D:5      | HP: 1/35 [poisoned by Ijyb]
  2066 | D:5      | Succumbed to Ijyb's poison

Illustrated notes

Levels and vault maps discovered:
D:1:      lightli_arrival_noodles, layout_basic
D:2:      wander_river, layout_basic, minmay_misc_feat_enclosed,
          minmay_tetromino_l4, uniq_jessica
D:3:      layout_basic, mainiacjoe_overflow_boulevard,
          chequers_serial_rivers_micro_a
D:5:      layout_rooms, lightli_sewer_entry_pipes, uniq_eustachio, uniq_ijyb,
          uniq_blork_the_orc

Skill      XL: |  1  2  3  4 |
---------------+-------------+-----
Shields        | 3 |  3.6
Armour         | 3 |  3.3
Long Blades    | 2 3 |  3.0
Fighting       | |  3.2
Dodging        | |  0.8

Action                     |  1- 3 |  4- 6 || total
---------------------------+-------+-------++-------
  Melee: Long sword        |   131 |    52 ||   183
         Unarmed           |       |     3 ||     3
    Use: Scroll            |     4 |     4 ||     8
 Armour: Scale mail        |   109 |       ||   109
         Plate armour      |    27 |    78 ||   105
         Skin              |       |     1 ||     1
  Dodge: Dodged            |    85 |    20 ||   105
  Block: Buckler           |    47 |    24 ||    71
